 Dungeon Crawl Stone Soup version 0.31.0-32-g396128a36d (webtiles) character file.

Game seed: 11011615767906151364

693 lonewolfV2 the Trooper (level 7, -9/59 HPs)
             Began as a Formicid Fighter on Mar 11, 2024.
             Mangled by an ogre
             ... wielding a +0 giant spiked club
              (18 damage)
             ... on level 5 of the Dungeon on Mar 12, 2024.
             The game lasted 00:06:19 (3902 turns).

lonewolfV2 the Trooper (Formicid Fighter)           Turns: 3902, Time: 00:06:20

Health: -9/59      AC:  6    Str: 20    XL:     7   Next: 96%
Magic:  7/7        EV:  9    Int:  8    God:
Gold:   213        SH: 12    Dex: 21    Spells: 6/6 levels left

rFire   + . .        a - +0 war axe
rCold   . . .        c - +1 buckler
rNeg    . . .        b - +0 scale mail
rPois   .            (helmet unavailable)
rElec   .            (no cloak)
rCorr   .            (no gloves)
SInv    +            (no boots)
Will    .....        f - amulet of reflection Stlth
                     o - +6 ring of dexterity
HPRegen 0.29/turn    k - ring of protection from fire
MPRegen 0.10/turn

%: reflection
@: mighty, weakened
A: permanent stasis, dig shafts and tunnels, antennae 3, four strong arms
a: Dig, Shaft Self


You were on level 5 of the Dungeon.
You visited 2 branches of the dungeon, and saw 6 of its levels.

You collected 213 gold pieces.

Inventory:

Hand Weapons
 a - a +0 war axe (weapon)
Armour
 b - a +0 scale mail (worn)
 c - a +1 buckler (worn)
Jewellery
 f - an amulet of reflection (around neck)
 k - a ring of protection from fire (right hand)
 o - a +6 ring of dexterity (left hand)
Wands
 j - a wand of polymorph (8)
 p - a wand of light (8)
Scrolls
 g - a scroll of amnesia
 h - 2 scrolls of noise
 m - a scroll of identify
Potions
 d - a potion of might
 e - 6 potions of curing
 i - a potion of enlightenment
 l - 3 potions of lignification
 n - 3 potions of heal wounds {unknown}


   Skills:
 + Level 6.5 Fighting
 + Level 6.5 Axes
 - Level 3.2 Armour
 - Level 4.0 Shields


You had 6 spell levels left.
You didn't know any spells.
Your spell library contained the following spells:

 Spells                   Type           Power      Damage    Failure   Level
 Apportation              Tloc           0%         N/A       83%         1
 Jinxbite                 Hex            0%         N/A       93%         2
 Alistair's Intoxication  Alch           0%         N/A       100%        5


Dungeon Overview and Level Annotations

Branches:
Dungeon (5/15)             Temple (1/1) D:4

Altars:
Ashenzari
Cheibriados
Dithmenos
Elyvilon
Fedhas
Gozag
Hepliaklqana
Nemelex Xobeh
Okawaru
Ru
Sif Muna
Vehumet
Wu Jian
Yredelemnul
The Shining One


Innate Abilities, Weirdness & Mutations

You cannot be hasted, slowed, berserked, paralysed or teleported.
You can dig through walls and to a lower floor.
You have a pair of large antennae on your head. (SInv)
Your four strong arms can wield two-handed weapons with a shield.


Message History

You block the gnoll's attack.
The gnoll bouda barks out a call to the hunt!
The gnolls pick up the pace!
The gnoll hits you with a +0 whip.
You feel very mighty all of a sudden.
A nearby plant withers and dies.
The gnoll hits you with a +0 whip. The gnoll hits you with a +0 flail!
You barely miss the gnoll. You hit the gnoll.
The gnoll bouda gazes fiercely through you!
You feel your attacks grow feeble. The gnoll completely misses you.
You slash the gnoll!
The gnoll is severely wounded.
You closely miss the gnoll.
The gnoll hits you from afar with a +0 halberd!
You block the gnoll's attack.
The gnoll bouda gazes fiercely through you!
You feel as though you will be weak longer.
You block the gnoll's attack.
You hit the gnoll.
The gnoll is almost dead.
You hit the gnoll.
You kill the gnoll!
The gnoll hits you from afar with a +0 halberd!
The gnoll bouda gazes fiercely through you!
You feel as though you will be weak longer.
The gnoll barely misses you.
You barely miss the gnoll.
The gnoll is almost dead.
You slash the ogre!
The gnoll hits you from afar with a +0 halberd!
* * * LOW HITPOINT WARNING * * *
The ogre hits you with a +0 giant spiked club!
* * * LOW HITPOINT WARNING * * *
The gnoll bouda gazes fiercely through you!
You feel as though you will be weak longer.
You block the gnoll's attack.
You feel better.
The ogre hits you with a +0 giant spiked club!!
You die...

#..## ### ... ..##
#............. ###
##............. #
#.......>.....# #............#
#...........###
##.....g.g.....{
#####......gO..# ..
...........@### #.##
...≈≈≈..#..#...####..#
##..≈≈≈≈≈....#..P.#.##.##
##....≈≈_≈≈.....#...P.....##
......≈≈.≈≈......P.#.......#
...##.≈≈.≈≈...#.P§P........#
..## .≈≈.≈≈..P..P§_P.......#
...##.≈...≈..##.P....§..#..##
....#.≈.8.≈..##P§§##..###...##


You could see an ogre, a gnoll bouda and 2 gnolls.

Vanquished Creatures
  An ice beast (D:5)
  An ogre (D:5)
  The ghost of seawaffle the Changeling, an amateur DsSh (D:4)
  A bullfrog (D:4)
  A howler monkey (D:5)
  2 bombardier beetles
  A jelly (D:5)
  2 hounds (D:4)
  7 adders
  2 gnolls (D:5)
  3 ribbon worms
  2 orcs
  6 ball pythons
  8 bats (D:1)
  2 endoplasms
  4 giant cockroaches
  6 goblins
  4 hobgoblins
  8 jackals
  6 kobolds
  2 quokkas (D:1)
  2 frilled lizards (D:1)
  4 rats
76 creatures vanquished.

Vanquished Creatures (others)
  A bombardier beetle (D:4)
1 creature vanquished.

Grand Total: 77 creatures vanquished

Notes
Turn   | Place    | Note
-------+----------+-------------------------------------------
     0 | D:1      | lonewolfV2 the Formicid Fighter began the quest for the
                  | Orb.
     0 | D:1      | Reached XP level 1. HP: 18/18 MP: 1/1
    93 | D:1      | Reached XP level 2. HP: 22/24 MP: 2/2
   162 | D:1      | Reached XP level 3. HP: 30/30 MP: 3/3
   733 | D:2      | Reached XP level 4. HP: 37/37 MP: 4/4
  1767 | D:3      | Found a faded altar of an unknown god.
  2033 | D:4      | Reached XP level 5. HP: 37/43 MP: 5/5
  2054 | D:4      | Found a staircase to the Ecumenical Temple.
  2082 | Temple   | Entered the Ecumenical Temple
  2642 | D:4      | Noticed a bullfrog
  2656 | D:4      | Killed a bullfrog
  2657 | D:4      | Reached skill level 5 in Fighting
  2657 | D:4      | Reached skill level 5 in Axes
  2657 | D:4      | Reached XP level 6. HP: 28/51 MP: 6/6
  2864 | D:4      | Found a radiant altar of Vehumet.
  3040 | D:4      | Found a snail-covered altar of Cheibriados.
  3313 | D:4      | Found a runed translucent door.
  3314 | D:4      | Noticed seawaffle's ghost (amateur DsSh)
  3488 | D:4      | Killed seawaffle's ghost
  3489 | D:4      | Reached XP level 7. HP: 37/56 MP: 7/7
  3566 | D:5      | Entered Level 5 of the Dungeon
  3607 | D:5      | Found a white marble altar of Elyvilon.
  3698 | D:5      | Found an ornate altar of the Wu Jian Council.
  3846 | D:5      | Found a hazy altar of Hepliaklqana.
  3884 | D:5      | Found an opulent altar of Gozag.
  3901 | D:5      | HP: 1/59 [ogre/+0 giant spiked club (14)]
  3902 | D:5      | Mangled by an ogre

Illustrated notes

Levels and vault maps discovered:
D:1:      dpeg_arrival_rooms_b, layout_loops_ring
D:2:      layout_loops_ring, minmay_misc_feat_pillars, minivault_11
D:3:      layout_rooms, hellmonk_ecumenical_altar_run_dry,
          amcnicky_mini_pool_small, grunt_decor_cap, amethyst_killhole
D:4:      layout_basic, slow_altar_2, lemuel_doored_altar,
          minmay_temple_entry_mini_moons, ebering_ghost_sewer_d
D:5:      cheibrodos_helix_gallery, layout_cave_pods,
          mainiacjoe_overflow_alcove_2, nicolae_hepliaklqana_hazy_memory,
          mainiacjoe_overflow_concentric_impassable,
          mainiacjoe_overflow_catwalk, nicolae_elemental_shop
Temple:   nicolae_temple_bog_church

Skill      XL: |  1  2  3  4  5  6  7 |
---------------+----------------------+-----
Axes           | 3 4 5 6 |  6.5
Fighting       | 4 5 6 |  6.5
Armour         | |  3.2
Shields        | |  4.0

Action                     |  1- 3 |  4- 6 |  7- 9 || total
---------------------------+-------+-------+-------++-------
  Melee: War axe           |    90 |   148 |    39 ||   277
    Use: Scroll            |     2 |     6 |     1 ||     9
         Potion            |       |       |     2 ||     2
 Armour: Scale mail        |    74 |    64 |    17 ||   155
  Dodge: Dodged            |    49 |    34 |     7 ||    90
  Block: Buckler           |    27 |   105 |    16 ||   148
         Reflection        |       |     6 |       ||     6
